 Dungeon Crawl Stone Soup version 0.29-a0-775-g4d7333d4e2 (webtiles) character file.

Game seed: 2355148211246728866

164 porpoise the Poker (level 5, 0/44 HPs)
             Began as a Merfolk Fighter on July 2, 2022.
             Slain by an ogre
             ... wielding a +0 giant spiked club
              (18 damage)
             ... on level 3 of the Dungeon.
             The game lasted 00:06:18 (3342 turns).

porpoise the Poker (Merfolk Fighter)                Turns: 3342, Time: 00:06:19

Health: 0/44       AC:  6    Str: 18    XL:     5   Next: 45%
Magic:  5/5        EV:  9    Int:  7    God:
Gold:   223        SH:  5    Dex: 14    Spells: 4/4 levels left

rFire   . . .      SeeInvis .   a - +0 trident
rCold   . . .      Faith    .   c - +0 buckler
rNeg    . . .      Spirit   .   i - +0 scale mail
rPois   .          Reflect  .   (no helmet)
rElec   .          Harm     .   (no cloak)
rCorr   .          Rampage  .   (no gloves)
Will    .....                   (no boots)
Stlth   ..........              (no amulet)
HPRegen 0.14/turn               (no ring)
MPRegen 0.09/turn               (no ring)

@: no status effects
A: (nimble swimmer 2), mertail
a: no special abilities


You were on level 3 of the Dungeon.
You visited 1 branch of the dungeon, and saw 4 of its levels.

You collected 223 gold pieces.

Inventory:

Hand Weapons
 a - a +0 trident (weapon)
 b - a +0 sling
Missiles
 w - 3 datura-tipped darts
 y - 7 boomerangs
Armour
 c - a +0 buckler (worn)
 i - a +0 scale mail (worn)
Scrolls
 k - a scroll of magic mapping {unknown}
 l - 2 scrolls of blinking
 m - 3 scrolls of teleportation
 o - a scroll of immolation {unknown}
 r - a scroll of fog {unknown}
 s - a scroll of noise {unknown}
 t - a scroll of fear {unknown}
 v - a scroll of silence {unknown}
 x - a scroll of amnesia {unknown}
Potions
 d - 2 potions of might
 e - a potion of brilliance {unknown}
 f - a potion of haste {unknown}
 g - 3 potions of curing
 h - a potion of lignification {unknown}
 j - 2 potions of flight
 n - 2 potions of heal wounds
 p - a potion of cancellation {unknown}
 q - a potion of attraction {unknown}
 u - 2 potions of berserk rage {unknown}


   Skills:
 + Level 5.2 Fighting
 + Level 5.4 Polearms
 - Level 2.1 Armour
 - Level 3.0 Shields


You had 4 spell levels left.
You didn't know any spells.
Your spell library contained the following spells:

 Spells                   Type           Power      Damage    Failure   Level
 Necrotize                Necr           0%         1d4       89%         1
 Vampiric Draining        Necr           0%         2d6       99%         3
 Agony                    Necr           0%         N/A       100%        5


Dungeon Overview and Level Annotations

Branches:
Dungeon (4/15)
 Temple: D:4-7

Altars:
Ashenzari
Elyvilon
Makhleb
Nemelex Xobeh
The Shining One


Innate Abilities, Weirdness & Mutations

((You are very nimble when in or above water. (Stealth+, EV+, Speed+++)))
Your lower body shifts to a powerful aquatic tail in water.


Message History

An orc comes into view. It is wielding a +0 club.
The orc shouts!
The orc throws a boomerang.
The boomerang hits you.
* * * LOW HITPOINT WARNING * * *
There is a stone staircase leading up here.
You climb upwards.
There is a stone staircase leading down here.
You start resting.
HP restored.
You climb downwards.
The orc closely misses you. The orc hits you but does no damage.
There is a stone staircase leading up here.
You puncture the orc!
You kill the orc!
No target in view!
y - 7 boomerangs (gained 1)
You see here a +0 club.
There is a stone staircase leading up here.
An ogre comes into view. It is wielding a +0 giant spiked club.
The ogre shouts!
An adder comes into view.
There is a stone staircase leading up here.
You reach to attack!
You puncture the ogre!
The ogre is moderately wounded.
The ogre barely misses you.
You climb upwards.
There is a stone staircase leading down here.
You barely miss the ogre.
The ogre is moderately wounded.
You puncture the ogre!
The ogre is severely wounded.
The ogre hits you with a +0 giant spiked club.
You barely miss the ogre.
The ogre is severely wounded.
The ogre hits you with a +0 giant spiked club!!
You are too injured to fight recklessly!
You hit the ogre.
The ogre is severely wounded.
The ogre hits you with a +0 giant spiked club!!
You die...

#.#.♣♣..♣..#.##.#
#####.##.# ###.
#.#.♣♣..♣♣.#.##.#
#........# #...
#....♣♣..♣.#.##.#
#.#.########...
#.._.♣♣..♣...##.# #.#>#
#.....
#....♣♣..♣.####.# #.#.#
#.#... #.#.♣♣..♣♣.##
#.# #.#.# #.#...
#...♣..♣♣...# #.# #.#.#
#.###.
#..♣♣..♣♣.#.###O###.#.#
#.# #.
#..♣..♣♣..#.....@...#.#
#.# #.
...♣..♣♣.##..#####.##.#
#.###. ...♣..♣♣.....#
#.##.# #.#...
..♣♣..♣♣.##.## #.##.#
#.#.## ..♣..♣♣..##.#
#.##.# #...#
.♣♣..♣♣.†...# #....#
###.## .♣..♣♣....###
#.#### #... .♣..♣♣._..#
#.# ###. .♣..♣♣...##
####[##### #.


You could see an ogre.

Vanquished Creatures
  An orc priest (D:4)
  An orc wizard (D:4)
  3 adders
  2 worms (D:2)
  A dart slug (D:3)
  8 orcs
  4 bats (D:1)
  2 endoplasms (D:1)
  3 giant cockroaches
  4 goblins
  4 hobgoblins
  3 jackals (D:3)
  4 quokkas
  9 ball pythons
  5 frilled lizards
  9 kobolds
  5 rats
68 creatures vanquished.

Vanquished Creatures (others)
  A demonic plant (D:1)
  A withered plant (D:1)
2 creatures vanquished.

Grand Total: 70 creatures vanquished

Notes
Turn   | Place    | Note
-------+----------+-------------------------------------------
     0 | D:1      | porpoise the Merfolk Fighter began the quest for the Orb.
     0 | D:1      | Reached XP level 1. HP: 18/18 MP: 1/1
   152 | D:1      | Reached XP level 2. HP: 24/24 MP: 2/2
   279 | D:1      | Found a broken altar of Ashenzari.
   506 | D:1      | Found a faded altar of an unknown god.
   677 | D:1      | Reached XP level 3. HP: 30/30 MP: 3/3
  1506 | D:2      | Reached XP level 4. HP: 38/38 MP: 4/4
  2070 | D:3      | Found a glowing golden altar of the Shining One.
  2322 | D:3      | Found a sparkling altar of Nemelex Xobeh.
  2641 | D:3      | Found a white marble altar of Elyvilon.
  2963 | D:3      | Found a burning altar of Makhleb.
  3014 | D:4      | Reached skill level 5 in Fighting
  3014 | D:4      | Reached skill level 5 in Polearms
  3014 | D:4      | Reached XP level 5. HP: 36/44 MP: 5/5
  3327 | D:4      | Noticed an ogre
  3342 | D:3      | Slain by an ogre

Illustrated notes

Levels and vault maps discovered:
D:1:      mushboom_english_gardens, layout_loops_ring,
          shapermc_ecumenical_altar_gd, minmay_misc_feat_chi,
          wad_floor_pattern_untrapped, minmay_hexomino_r4
D:2:      layout_basic
D:3:      layout_loops_ring, lightli_temple_of_fire,
          mainiacjoe_overflow_tiny_flanked, mainiacjoe_overflow_catch_the_wave,
          roderic_filled_cross
D:4:      layout_basic, due_unseen_surprise

Skill      XL: |  1  2  3  4 |
---------------+-------------+-----
Polearms       | 3 4 5 |  5.4
Fighting       | 4 5 |  5.2
Armour         | |  2.1
Shields        | |  3.0

Action                   |  1- 3 |  4- 6 || total
-------------------------+-------+-------++-------
Melee: Trident           |    92 |    79 ||   171
 Fire: Sling             |    35 |    18 ||    53
  Use: Scroll            |       |     5 ||     5
Armor: Scale mail        |    35 |    22 ||    57
Dodge: Dodged            |    29 |    28 ||    57
Block: Buckler           |    20 |    18 ||    38

Table legend: (Time is in decaauts)
 A = Elapsed time spent in this place.
 B = Non-inter-level travel time spent in this place.
 C = Inter-level travel time spent in this place.
 D = Time resting spent in this place.
 E = Time spent auto-exploring this place.
 F = Levels seen in this place.
 G = Mean time per level.
                   A        B        C        D        E       F      G
               +--------+--------+--------+--------+--------+-----+--------+
         Total |   3375 |   3253 |    122 |    946 |   1758 |   4 |  843.8 |
       Dungeon |   3375 |   3253 |    122 |    946 |   1758 |   4 |  843.8 |
               +--------+--------+--------+--------+--------+-----+--------+

Top non-repeatable levels by time:
     D:3: 1415 daAuts
     D:2: 957 daAuts
     D:1: 924 daAuts
     D:4: 78 daAuts
